Map: Stranded Isles

Players

Throwfordays - Winner!

  • Race: Protoss Protoss
  • League: Silver
  • Spawn Location: 9:00

Cthulhu - Winner!

  • Race: Zerg Zerg
  • Spawn Location: 12:00

Faust - Winner!

  • Race: Protoss Protoss
  • League: Diamond
  • Spawn Location: 12:00

executor

  • Race: Protoss Protoss
  • League: Gold
  • Spawn Location: 6:00

VerZZetaW

  • Race: Protoss Protoss
  • League: Platinum
  • Spawn Location: 3:00

mugen

  • Race: Terran Terran
  • League: Silver
  • Spawn Location: 6:00

VOD

Have the link to the VOD?

Description

Time

  • Played on: March 12, 2019, 10:53 p.m.
  • Length: 16:44
Show
View Real Time Build Order
Export as new Build Order

Throwfordays Protoss - Winner!

Build Orders: Nexus First 

Get SALT Encoding   

  1  0:00  Probe  
  12  0:05  Probe  
  14  0:15  Probe  
  15  0:23  Pylon  
  15  0:41  Probe  
  16  0:55  Nexus  
  16  0:59  Probe  
  17  1:11  Gateway  
  17  1:19  Pylon  
  17  1:26  Pylon  
  17  2:06  Probe  
  17  2:14  Probe  
  18  2:20  Probe  
  20  2:24  Probe  
  20  2:29  Assimilator  
  21  2:32  Probe  
  21  2:36  Probe  
  24  2:44  Probe  
  24  2:48  Probe  
  25  2:56  Zealot, Probe  
  28  3:01  Probe  
  28  3:04  Forge  
  29  3:08  Probe  
  30  3:13  Probe  
  30  3:15  Gateway  
  31  3:20  Probe  
  31  3:21  Gateway  
  32  3:27  Cybernetics Core  
  32  3:32  Probe  
  33  3:37  Gateway  
  33  3:40  Probe  
  33  3:41  Gateway  
  33  3:45  Warp Gate  
  33  3:48  Probe  
  34  3:54  Probe  
  36  3:57  Probe  
  36  4:00  Assimilator  
  37  4:04  Assimilator  
  37  4:06  Probe  
  37  4:08  Assimilator  
  38  4:10  Probe  
  39  4:19  Photon Cannon  
  39  4:22  Photon Cannon, Probe  
  40  4:30  Pylon  
  40  4:33  Photon Cannon  
  40  4:35  Probe  
  40  4:36  Photon Cannon  
  41  4:42  Pylon  
  41  4:45  Pylon  
  41  4:55  Photon Cannon  
  41  4:57  Photon Cannon  
  41  5:00  Probe  
  41  5:01  Probe  
  41  5:03  Stargate  
  43  5:08  Probe  
  43  5:09  Probe  
  43  5:13  Forge  
  45  5:14  Protoss Ground Weapons Level 1  
  45  5:15  Cybernetics Core  
  45  5:17  Probe  
  45  5:19  Probe  
  47  5:32  Nexus  
  47  5:34  Pylon  
  47  5:36  Assimilator  
  47  5:41  Assimilator  
  47  5:43  Protoss Air Weapons Level 1  
  47  5:51  Pylon  
  47  6:05  Pylon  
  47  6:07  Pylon  
  47  6:10  Pylon  
  47  6:12  Stargate  
  47  6:13  Stargate  
  47  6:15  Stargate  
  47  6:19  Zealot x2  
  47  6:20  Zealot  
  51  6:32  Stalker  
  36  6:33  Stalker  
  32  6:40  Stalker  
  32  6:41  Stalker  
  32  6:43  Probe  
  37  6:55  Probe x2  
  39  7:08  Probe  
  40  7:13  Photon Cannon  
  40  7:16  Photon Cannon  
  40  7:17  Probe  
  40  7:18  Probe  
  40  7:20  Probe  
  43  7:29  Photon Cannon, Probe  
  44  7:31  Probe  
  44  7:32  Probe  
  44  7:35  Photon Cannon  
  46  7:41  Probe  
  48  7:44  Probe  
  48  7:45  Probe  
  49  7:53  Probe x3  
  52  8:01  Probe x2  
  52  8:02  Probe  
  54  8:09  Probe  
  54  8:10  Probe  
  55  8:13  Probe  
  55  8:16  Fleet Beacon  
  55  8:19  Probe  
  58  8:22  Probe  
  58  8:24  Stalker x2  
  58  8:25  Stalker, Probe  
  67  8:29  Stalker  
  67  8:33  Stalker  
  71  8:34  Probe  
  72  9:06  Twilight Council  
  72  9:07  Probe  
  73  9:10  Probe  
  74  9:19  Probe  
  74  9:22  Probe  
  76  9:25  Protoss Shields Level 1  
  76  9:26  Void Ray x3  
  76  9:27  Void Ray  
  76  9:29  Protoss Air Armor Level 1  
  76  9:30  Protoss Air Weapons Level 2  
  92  9:34  Probe  
  93  9:45  Protoss Ground Weapons Level 2  
  93  9:48  Probe  
  94  9:59  Probe  
  95  10:00  Probe  
  95  10:05  Blink  
  96  10:09  Void Ray  
  96  10:13  Probe  
  101  10:17  Void Ray  
  105  10:26  Void Ray  
  109  10:35  Void Ray  
  113  10:50  Probe  
  113  10:54  Probe  
  115  11:02  Probe  
  116  11:06  Probe  
  116  11:08  Void Ray x2  
  116  11:10  Void Ray  
  129  11:14  Probe  
  130  11:18  Probe  
  131  11:27  Probe  
  131  11:28  Nexus  
  131  11:30  Pylon, Probe  
  133  11:33  Pylon  
  133  11:34  Assimilator, Pylon  
  133  11:36  Assimilator, Pylon  
  133  11:38  Pylon  
  133  11:40  Pylon  
  133  11:47  Void Ray  
  133  11:48  Probe x2  
  139  12:11  Protoss Shields Level 2  
  139  12:22  Protoss Air Weapons Level 3  
  139  12:26  Void Ray x2  
  139  12:27  Void Ray  
  151  12:30  Void Ray  
  151  12:31  Protoss Air Armor Level 2  
  155  12:39  Probe  
  156  12:47  Probe  
  157  12:56  Pylon  
  157  12:57  Probe  
  158  13:09  Void Ray x3, Probe  
  171  13:13  Void Ray  
  175  13:21  Probe  
  176  14:11  Void Ray  
  176  14:12  Void Ray x2  
  176  14:13  Void Ray  
  192  14:26  Shield Battery x2  
  192  14:27  Shield Battery  
  192  14:54  Void Ray x2  
Show
View Real Time Build Order
Export as new Build Order

Cthulhu Zerg - Winner!

Build Orders: Hatch First 

Get SALT Encoding   

  12  0:01  Drone  
  13  0:09  Drone  
  14  0:16  Extractor  
  14  0:17  Drone  
  15  0:29  Overlord  
  15  0:49  Hatchery  
  14  0:53  Drone  
  14  0:55  Drone  
  16  0:59  Drone  
  17  1:13  Drone  
  17  1:15  Drone  
  19  1:24  Spawning Pool  
  18  1:27  Extractor  
  18  1:29  Extractor  
  16  1:39  Drone x2  
  18  1:48  Drone  
  19  2:01  Drone  
  19  2:02  Drone  
  21  2:12  Drone x2  
  23  2:16  Lair  
  23  2:22  Queen, Drone  
  26  2:35  Overlord  
  26  2:38  Drone  
  26  2:42  Overlord  
  27  2:45  Drone  
  28  3:03  Drone  
  28  3:04  Drone  
  30  3:14  Drone x3  
  30  3:15  Queen  
  30  3:16  Extractor, Queen  
  37  3:26  Spire  
  35  3:29  Drone  
  36  3:43  Drone x2  
  36  3:44  Drone x4  
  42  3:49  Overlord  
  42  4:10  Overlord  
  42  4:13  Overlord  
  42  4:40  Mutalisk  
  42  4:41  Mutalisk x6  
  56  4:48  Mutalisk  
  56  4:50  Mutalisk x2  
  62  4:55  Zergling x4  
  62  4:58  Drone x4  
  62  4:59  Overlord  
  68  5:01  Metabolic Boost  
  67  6:01  Zergling x12  
  70  6:21  Zergling x2  
  70  6:22  Zergling x4  
  73  6:30  Queen  
  75  7:14  Queen  
  75  7:19  Zergling x2  
  76  7:23  Overlord x2  
  76  7:24  Overlord  
  76  7:32  Overlord  
  76  7:33  Overlord  
  64  7:55  Zergling x2  
  64  7:56  Zergling x8  
  67  8:02  Queen x2  
  71  8:09  Overlord x2  
  71  8:14  Evolution Chamber  
  71  8:16  Evolution Chamber  
  62  8:40  Zergling x2  
  62  8:41  Zergling x14  
  62  8:54  Zerg Melee Weapons Level 1, Zerg Ground Armor Level 1  
  62  8:57  Zerg Flyer Weapons Level 1  
  52  9:40  Corruptor  
  52  9:41  Corruptor x11  
  52  9:45  Zergling x2  
  77  9:46  Zergling x4  
  76  10:47  Corruptor x8  
  76  10:48  Corruptor x4  
  76  10:49  Zergling x2  
  102  10:50  Zergling x8  
  105  11:02  Extractor  
  104  11:10  Overlord, Infestation Pit  
  104  11:11  Overlord  
  103  11:12  Zergling x2, Drone  
  103  11:13  Zergling x6  
  108  11:36  Hatchery  
  105  12:02  Zergling x2  
  105  12:03  Zergling x20  
  106  12:21  Zergling x6  
  106  12:22  Zergling x6  
  106  12:55  Zergling x2  
  106  12:56  Zergling x16  
  104  13:08  Hive  
  104  13:11  Zerg Melee Weapons Level 2  
  104  13:16  Zerg Ground Armor Level 2  
  72  14:08  Mutalisk x3  
  72  14:09  Mutalisk x8  
  85  14:12  Drone  
  85  14:13  Queen, Drone x2  
  80  14:18  Zergling x2  
  80  14:19  Zergling x6  
  83  14:32  Extractor  
  83  14:33  Extractor  
  83  14:36  Drone x4  
  85  14:49  Queen  
  85  14:51  Greater Spire  
  87  14:57  Zergling x2  
  87  14:58  Zergling x20  
  98  15:01  Adrenal Glands  
Show
View Real Time Build Order
Export as new Build Order

Faust Protoss - Winner!

Build Orders: Nexus First 

Get SALT Encoding   

  12  0:02  Probe  
  13  0:16  Probe  
  13  0:20  Pylon  
  14  0:28  Probe  
  15  0:36  Probe  
  16  0:51  Probe  
  17  1:02  Nexus  
  17  1:08  Probe  
  18  1:19  Gateway, Probe  
  19  1:28  Probe  
  19  1:32  Assimilator  
  20  1:37  Probe  
  21  1:49  Probe  
  22  1:54  Assimilator  
  22  2:01  Assimilator  
  22  2:05  Pylon  
  22  2:12  Pylon  
  22  2:16  Forge  
  22  2:18  Gateway  
  22  2:25  Zealot  
  24  2:36  Probe  
  24  2:37  Probe  
  26  2:45  Pylon, Probe x2  
  28  2:53  Photon Cannon  
  28  3:03  Probe  
  27  3:07  Probe  
  27  3:11  Zealot, Probe  
  27  3:12  Zealot  
  33  3:19  Probe  
  35  3:20  Probe  
  36  3:28  Probe  
  36  3:31  Probe  
  38  3:35  Assimilator  
  38  3:40  Zealot x2, Probe  
  43  3:43  Probe  
  44  3:52  Probe  
  46  3:55  Probe  
  46  4:03  Cybernetics Core  
  46  4:04  Probe  
  46  4:07  Gateway, Probe  
  48  4:21  Nexus  
  48  4:24  Pylon, Probe  
  49  4:32  Probe x2  
  51  4:40  Warp Gate  
  51  4:46  Twilight Council  
  51  4:49  Photon Cannon  
  51  5:00  Probe x2  
  53  5:12  Probe x2  
  55  5:24  Probe  
  55  5:25  Probe  
  55  5:26  Pylon  
  57  5:29  Photon Cannon  
  57  5:32  Photon Cannon  
  57  5:47  Probe x3  
  51  5:55  Probe x3  
  50  5:59  Dark Shrine  
  50  6:03  Probe  
  53  6:04  Probe x2  
  53  6:11  Probe  
  56  6:16  Probe x2  
  59  6:19  Probe  
  60  6:28  Probe  
  60  6:29  Pylon, Probe  
  60  6:31  Probe  
  60  6:32  Pylon  
  63  6:35  Pylon  
  63  6:40  Probe  
  63  6:41  Probe  
  63  6:44  Probe  
  63  6:45  Pylon, Stalker x3  
  72  6:58  Assimilator  
  72  7:00  Probe x2  
  72  7:01  Probe  
  75  7:03  Assimilator, Pylon  
  75  7:09  Nexus  
  75  7:12  Probe  
  75  7:13  Gateway x2  
  76  7:17  Gateway  
  76  7:18  Gateway  
  76  7:22  Gateway  
  76  7:23  Photon Cannon, Gateway  
  76  7:25  Photon Cannon  
  76  7:29  Shadow Stride  
  76  7:35  Probe  
  76  7:36  Photon Cannon, Probe  
  78  7:37  Probe  
  78  7:39  Photon Cannon  
  78  7:42  Dark Templar x3  
  85  7:46  Probe  
  85  7:48  Probe x2  
  85  7:50  Photon Cannon  
  86  7:54  Photon Cannon  
  86  7:55  Probe  
  86  7:56  Pylon  
  86  7:57  Photon Cannon  
  88  8:00  Photon Cannon  
  88  8:03  Probe x2  
  91  8:10  Pylon  
  91  8:12  Dark Templar  
  93  8:14  Dark Templar  
  90  8:27  Dark Templar  
  90  8:28  Dark Templar x6  
  103  8:49  Nexus  
  103  8:52  Blink  
  103  8:53  Pylon  
  103  8:58  Photon Cannon  
  103  9:01  Photon Cannon  
  103  9:06  Dark Templar  
  103  9:07  Dark Templar x4  
  103  9:08  Dark Templar  
  103  9:09  Dark Templar x2  
  119  9:10  Dark Templar  
  121  9:22  Probe  
  121  9:23  Probe x2  
  121  9:30  Probe  
  121  9:31  Probe x2  
  127  9:40  Probe x3  
  130  9:51  Dark Templar  
  130  9:52  Dark Templar x3, Probe x3  
  141  9:54  Dark Templar  
  141  9:55  Dark Templar x3  
  149  10:02  Pylon  
  149  10:03  Probe  
  149  10:04  Probe x3  
  153  10:10  Assimilator  
  153  10:15  Assimilator  
  153  10:16  Probe x4  
  108  11:40  Dark Templar x6  
  108  11:42  Dark Templar x2  
  108  11:43  Dark Templar  
  116  11:51  Pylon  
  116  11:55  Forge  
  116  12:14  Pylon  
  116  12:25  Dark Templar x7  
  116  12:26  Dark Templar x2  
  134  12:34  Protoss Ground Weapons Level 1  
  134  12:35  Protoss Ground Armor Level 1  
  134  12:41  Probe x4  
  138  12:53  Probe x4  
  142  13:01  Charge  
  142  13:05  Probe x2  
  144  13:13  Gateway  
  144  13:16  Gateway  
  144  13:17  Gateway  
  144  13:18  Gateway  
  144  13:22  Gateway  
  106  13:48  Pylon  
  104  14:13  Dark Templar x3  
  104  14:14  Dark Templar x3  
  104  14:15  Dark Templar x5  
  104  14:16  Dark Templar  
  128  14:20  Dark Templar x2  
  131  14:24  Nexus  
  131  14:31  Resonating Glaives  
  131  14:32  Nexus, Pylon  
  131  14:35  Pylon  
  131  14:42  Pylon  
  131  14:43  Pylon  
  131  14:46  Assimilator  
  131  14:50  Assimilator  
  117  14:55  Dark Templar x5  
  117  14:56  Dark Templar x6  
  117  14:57  Dark Templar x2  
  117  14:58  Assimilator  
  129  15:04  Assimilator  
  129  15:06  Dark Templar x3  
  129  15:07  Dark Templar x4  
  111  15:08  Dark Templar x6  
  111  15:09  Dark Templar  
  131  15:19  Forge  
  131  15:24  Probe  
  131  15:25  Probe x3  
  135  15:37  Probe x3  
  138  15:43  Probe x3  
  138  15:49  Probe x2  
  139  15:51  Dark Templar x2  
  139  15:52  Dark Templar x6  
  139  15:53  Dark Templar  
Show
View Real Time Build Order
Export as new Build Order

executor Protoss 

Build Orders:  

Get SALT Encoding   

  12  0:03  Probe  
  13  0:15  Probe  
  13  0:21  Pylon  
  14  0:27  Probe  
  15  0:31  Assimilator  
  15  0:39  Probe  
  16  0:49  Forge  
  16  1:00  Pylon, Probe  
  17  1:08  Probe  
  18  1:18  Probe  
  18  1:25  Photon Cannon  
  19  1:30  Probe  
  20  1:40  Photon Cannon  
  20  1:43  Pylon  
  20  1:50  Probe  
  20  1:54  Assimilator  
  20  1:58  Probe  
  20  2:01  Gateway  
  20  2:06  Probe  
  22  2:17  Probe  
  23  2:36  Pylon  
  23  2:42  Nexus  
  23  2:46  Zealot  
  23  2:54  Probe  
  26  3:02  Photon Cannon  
  26  3:06  Probe  
  26  3:10  Assimilator  
  27  3:15  Probe  
  27  3:18  Pylon  
  28  3:23  Probe  
  28  3:25  Cybernetics Core  
  28  3:30  Pylon  
  28  3:33  Probe  
  29  3:37  Assimilator  
  30  3:48  Photon Cannon  
  30  3:55  Photon Cannon  
  30  4:02  Stargate  
  30  4:06  Probe  
  30  4:09  Probe  
  32  4:17  Protoss Air Weapons Level 1  
  32  4:21  Stargate, Probe  
  32  4:23  Probe  
  34  4:31  Probe  
  35  4:39  Probe  
  36  4:48  Oracle, Probe  
  40  4:56  Photon Cannon, Probe  
  40  5:04  Oracle, Probe  
  44  5:12  Stalker  
  47  5:16  Probe  
  47  5:17  Probe  
  49  5:25  Robotics Facility  
  49  5:27  Pylon  
  49  5:28  Probe  
  50  5:31  Void Ray  
  54  5:40  Probe  
  54  5:41  Photon Cannon  
  55  5:54  Stalker  
  55  5:55  Phoenix  
  59  5:59  Stargate  
  59  6:04  Probe  
  60  6:12  Probe  
  61  6:22  Probe  
  62  6:39  Phoenix x2  
  62  6:44  Phoenix  
  62  7:19  Void Ray x2  
  70  7:27  Protoss Air Armor Level 1  
  70  7:33  Pylon x2  
  70  7:50  Void Ray  
  70  7:51  Probe  
  75  7:59  Fleet Beacon  
  75  8:03  Probe  
  76  8:08  Assimilator  
  76  8:13  Assimilator  
  76  8:14  Void Ray  
  76  8:15  Void Ray, Probe  
  76  8:16  Nexus  
  85  8:20  Observer  
  85  8:24  Pylon  
  86  8:28  Pylon  
  86  8:42  Observer, Probe  
  86  8:45  Tempest  
  93  8:50  Pylon  
  93  8:54  Probe  
  94  9:06  Probe  
  94  9:09  Tempest  
  100  9:28  Pylon  
  99  9:42  Probe  
  99  9:43  Probe  
  99  9:44  Tempest x2  
  110  9:47  Probe  
  110  9:51  Probe  
  112  9:54  Probe  
  112  9:55  Probe  
  115  10:00  Pylon  
  115  10:01  Pylon, Probe  
  115  10:05  Probe  
  115  10:06  Observer  
  118  10:16  Carrier  
  118  10:21  Protoss Air Weapons Level 2  
  125  10:28  Observer  
  123  10:45  Nexus  
  123  10:49  Pylon  
  123  10:53  Pylon  
  99  11:47  Carrier x2  
  99  11:48  Carrier  
  61  12:23  Photon Cannon  
  61  12:24  Photon Cannon  
  61  12:26  Photon Cannon  
  61  12:27  Photon Cannon  
  61  12:29  Photon Cannon  
  61  12:31  Photon Cannon  
  61  12:33  Photon Cannon  
  61  12:39  Stargate  
  61  12:57  Photon Cannon  
  61  13:01  Photon Cannon  
  61  13:16  Photon Cannon  
  58  14:56  Nexus  
Show
View Real Time Build Order
Export as new Build Order

VerZZetaW Protoss 

Build Orders:  

Get SALT Encoding   

  1  0:00  Probe  
  13  0:08  Probe  
  14  0:25  Pylon, Probe  
  15  0:44  Forge  
  15  0:45  Probe  
  16  0:56  Gateway  
  16  0:59  Probe  
  17  1:11  Probe  
  18  1:23  Probe  
  18  1:25  Assimilator  
  19  1:36  Probe  
  19  1:38  Pylon  
  20  1:44  Assimilator  
  20  1:50  Probe  
  23  1:56  Photon Cannon  
  21  2:01  Cybernetics Core  
  21  2:04  Zealot  
  23  2:09  Probe  
  23  2:10  Photon Cannon  
  24  2:17  Probe  
  24  2:19  Warp Gate  
  25  2:26  Gateway  
  25  2:27  Probe  
  26  2:37  Zealot  
  28  2:45  Assimilator  
  28  2:54  Gateway  
  28  3:06  Pylon  
  28  3:07  Probe  
  28  3:11  Stalker  
  31  3:24  Stalker  
  33  3:35  Pylon  
  33  3:36  Probe  
  33  3:41  Stalker  
  36  3:42  Stalker  
  36  3:48  Probe  
  39  4:14  Sentry  
  39  4:15  Nexus  
  41  4:22  Photon Cannon  
  41  4:26  Probe  
  42  4:35  Stalker  
  42  4:37  Protoss Ground Weapons Level 1  
  42  4:38  Probe  
  45  4:47  Twilight Council  
  45  4:52  Shield Battery  
  45  5:08  Pylon  
  45  5:09  Stalker  
  47  5:19  Pylon  
  47  5:27  Probe  
  48  5:32  Stalker x2  
  51  5:39  Probe  
  51  5:50  Stalker  
  51  5:52  Probe  
  53  6:00  Stalker x2, Probe  
  58  6:14  Stargate  
  58  6:19  Assimilator, Probe  
  58  6:24  Assimilator  
  59  6:35  Stargate  
  59  6:50  Phoenix  
  61  7:07  Blink  
  61  7:08  Pylon  
  61  7:10  Pylon  
  61  7:18  Probe  
  62  7:23  Probe  
  62  7:26  Probe  
  63  7:32  Stalker x3  
  63  7:35  Probe  
  63  7:36  Probe  
  72  7:47  Probe  
  72  7:49  Probe  
  74  7:54  Phoenix  
  74  7:57  Photon Cannon  
  76  8:00  Probe  
  77  8:11  Phoenix  
  79  8:19  Phoenix  
  81  8:25  Protoss Ground Armor Level 1  
  61  8:42  Stalker x3  
  61  8:48  Photon Cannon  
  57  8:56  Robotics Facility  
  57  9:02  Probe x2  
  59  9:06  Oracle  
  59  9:08  Stalker  
  59  9:09  Stalker  
  66  9:14  Probe x2  
  68  9:24  Stalker  
  70  9:31  Gateway  
  70  9:32  Probe x2  
  70  9:33  Gateway  
  70  9:37  Phoenix  
  74  10:00  Probe  
  74  10:06  Assimilator x2  
  75  10:09  Stalker x2  
  75  10:10  Nexus  
  79  10:22  Stalker  
  81  10:31  Pylon  
  81  10:32  Sentry  
  81  10:33  Pylon  
  54  10:57  Stalker  
  54  10:58  Stalker x4  
  63  11:23  Protoss Ground Weapons Level 2, Stalker x2  
  63  11:24  Stalker x2  
  71  11:29  Observer  
  72  11:33  Photon Cannon  
  72  11:36  Pylon  
  72  11:41  Stalker  
  72  11:46  Pylon  
  74  11:47  Stalker  
  74  11:48  Stalker x3  
  74  11:51  Observer  
  83  12:05  Stalker  
  78  12:21  Stalker x4  
  86  12:25  Probe  
  86  12:26  Probe  
  86  12:38  Probe x2  
  88  12:46  Zealot x5  
  98  12:56  Void Ray x2  
  97  13:09  Probe x2  
  107  13:21  Probe x2  
  109  13:40  Stalker x5  
  113  13:57  Pylon  
  113  13:59  Pylon  
  104  14:29  Stalker x4  
  104  14:30  Assimilator  
  112  14:31  Photon Cannon  
  112  14:35  Assimilator  
  112  14:37  Probe  
  112  14:38  Pylon  
  113  14:49  Probe  
  100  15:08  Phoenix  
  100  15:09  Phoenix  
  100  15:11  Stalker x2  
  76  15:42  Stalker x4  
  15  16:10  Sentry x3  
Show
View Real Time Build Order
Export as new Build Order

mugen Terran 

Build Orders:  

Get SALT Encoding   

  12  0:11  Supply Depot  
  12  0:14  SCV  
  13  0:28  SCV  
  14  0:39  Barracks  
  14  0:40  SCV  
  15  0:52  SCV  
  15  0:53  Refinery  
  16  1:04  SCV  
  17  1:11  Barracks  
  17  1:16  SCV  
  18  1:28  SCV  
  19  1:37  Engineering Bay  
  19  1:39  Refinery  
  19  1:46  SCV  
  20  1:49  Barracks Reactor  
  20  1:58  SCV  
  21  2:01  Barracks Tech Lab  
  21  2:13  Orbital Command  
  21  2:24  Marine  
  21  2:25  Marine, Factory  
  23  2:35  Supply Depot  
  23  2:56  Marine  
  24  3:09  Marine x2  
  24  3:11  Factory Tech Lab  
  26  3:14  Marine  
  27  3:21  Terran Infantry Weapons Level 1  
  27  3:34  Starport  
  27  3:38  Marine x2, Supply Depot  
  27  3:41  Marine  
  30  3:46  Stimpack  
  30  3:56  Marine  
  30  4:00  Siege Tank  
  34  4:19  Missile Turret  
  34  4:20  Marine x2  
  34  4:21  Starport Reactor  
  34  4:23  SCV  
  37  4:37  Command Center  
  37  4:47  Marine  
  37  4:48  Marine  
  39  5:02  Supply Depot  
  39  5:08  Supply Depot  
  39  5:19  Terran Infantry Armor Level 1  
  39  5:24  Marine x3, Siege Tank  
  39  5:28  SCV  
  46  5:30  Armory  
  46  5:42  Marauder  
  48  5:59  Medivac  
  48  6:02  Viking  
  28  6:58  SCV  
  26  7:01  Marine x2  
  26  7:02  Marine  
  23  7:10  SCV  
  24  7:19  Marine x3  
  27  7:49  SCV  
  28  8:11  SCV  
  29  8:24  SCV  
  30  8:36  SCV  
  31  8:48  SCV  
  32  9:00  SCV  
  33  9:12  SCV  
  34  9:29  SCV  
  35  9:42  SCV  
  36  10:03  SCV  
  36  10:05  Command Center  
  37  10:14  Marine x2  
  37  10:19  SCV  
  40  10:32  Orbital Command  
  40  10:55  Marine  
  40  10:56  Marine x2  
  43  11:01  SCV  
  44  11:11  Liberator  
  47  11:13  Marine, SCV  
  50  11:26  Orbital Command  
  49  11:33  SCV  
  49  11:37  Marine x2  
  49  11:38  Marine  
  53  11:50  SCV  
  54  11:55  Marine x3  
  57  12:02  SCV  
  58  12:28  Marine x2  
  60  12:30  Viking x2  
  64  12:54  Marine x3  
  67  13:11  Refinery  
  67  13:12  Marine x3  
  69  13:14  Refinery  
  67  13:30  Marine x2  
  69  13:34  Marine  
  70  13:41  Supply Depot  
  70  13:44  Supply Depot  
  70  13:45  Supply Depot  
  70  14:03  Marine x3, Viking x2  
  77  14:22  SCV x2  
  79  14:29  Supply Depot  
  79  14:33  Viking x2  
  83  14:44  Marine x3  
  86  15:18  Marine x2  
  86  15:19  Marine  
  89  15:22  Viking  
  91  15:36  Marine x3  
  94  15:52  Viking x2  
  94  15:54  Marine x3  
  83  16:12  Marine x2  
Tags
 
Add a new tag
Caveats
  • Supply blocks, unpowered buildings, or Contaminate may cause inaccurate times.
  • Supply counts are checked every 10 seconds.